 Dungeon Crawl Stone Soup version 0.31-a0-986-g5e6e4ef867 (webtiles) character file.

Game seed: 14037588431296033318

1477 promet the Covert (level 8, -13/61 HPs)
             Began as a Vampire Brigand on Nov 7, 2023.
             Was an Initiate of Hepliaklqana.
             Killed from afar by a steam dragon (19 damage)
             ... with a ball of steam
             ... on level 6 of the Dungeon.
             The game lasted 00:51:23 (10744 turns).

promet the Covert (Vampire Brigand)                Turns: 10744, Time: 00:51:24

Health: -13/61     AC:  8    Str: 10    XL:     8   Next: 49%
Magic:  8/8        EV: 13    Int: 13    God:    Hepliaklqana [......]
Gold:   213        SH:  0    Dex: 18    Spells: 3/7 levels left

rFire   . . .        a - +0 halberd
rCold   . . .        (shield currently unavailable)
rNeg    . . .        h - +0 acid dragon scales
rPois   .            (no helmet)
rElec   .            c - +0 cloak
rCorr   +            (no gloves)
SInv    +            u - +0 pair of boots
Will    .....        (no amulet)
Stlth   +            (no ring)
HPRegen 0.50/turn    (no ring)
MPRegen 0.11/turn

%: no passive effects
@: confused, ambrosia-drunk, healing quickly
A: alive, fangs 3, see invisible, vampiric 2
a: Exsanguinate, Renounce Religion


You were on level 6 of the Dungeon.
You worshipped Hepliaklqana.
Hepliaklqana was noncommittal.
You visited 2 branches of the dungeon, and saw 7 of its levels.

You collected 213 gold pieces.

Inventory:

Hand Weapons
 a - a +0 halberd (weapon)
 b - a +0 sling
 r - a +2 dagger
 t - a +2 whip of chaos
 w - a +1 dagger of speed
 x - a +2 rapier of chaos
 z - a +0 war axe
 G - a +2 hand axe of electrocution
Missiles
 d - 7 poisoned darts (quivered)
 g - 99 stones
 n - 6 boomerangs
 s - 5 javelins
 B - a throwing net
 C - a curare-tipped dart
Armour
 c - a +0 cloak (worn)
 e - +0 steam dragon scales
 f - a +0 robe
 h - +0 acid dragon scales (worn)
 u - a +0 pair of boots (worn)
 y - a +1 chain mail of positive energy
Jewellery
 m - a +6 ring of strength
Wands
 k - a wand of mindburst (16)
 q - a wand of roots (19)
Scrolls
 i - a scroll of poison
 l - 2 scrolls of silence
 F - 3 scrolls of immolation
Potions
 j - 2 potions of heal wounds {unknown}
 o - 2 potions of lignification
 p - a potion of cancellation
 A - a potion of brilliance
 D - a potion of curing {unknown}


   Skills:
 * Level 4.6 Fighting
 + Level 3.1 Short Blades
 + Level 2.2(2.5) Axes
 + Level 1.7(2.3) Polearms
 + Level 3.9 Ranged Weapons
 + Level 2.2 Throwing
 + Level 0.1 Armour
 + Level 4.0 Dodging
 + Level 8.0 Stealth
 + Level 3.0 Translocations
 * Level 0.4 Poison Magic


You had 3 spell levels left.
You knew the following spells:

 Your Spells              Type           Power      Damage    Failure   Level
a - Blink                 Tloc           14%        N/A       22%         2
b - Poisonous Vapours     Pois/Air       0%         N/A       56%         2

Your spell library contained the following spells:

 Spells                   Type           Power      Damage    Failure   Level
 Lesser Beckoning         Tloc           14%        N/A       22%         2
 Momentum Strike          Conj/Tloc      6%         3d8       38%         2
 Gell's Gravitas          Tloc           7%         N/A       41%         3
 Teleport Other           Tloc           7%         N/A       41%         3
 Mephitic Cloud           Conj/Pois/Air  0%         N/A       82%         3
 Freezing Cloud           Conj/Ice/Air   0%         6-21      100%        5
 Dispersal                Tloc           3%         N/A       100%        6


Dungeon Overview and Level Annotations

Branches:
Dungeon (6/15)             Temple (1/1) D:5

Altars:
Ashenzari
Cheibriados
Dithmenos
Fedhas
Gozag
Hepliaklqana
Kikubaaqudgha
Makhleb
Qazlal
Ru
Sif Muna
Trog
Uskayaw
Vehumet
Wu Jian
Xom
Yredelemnul

Shops:
D:2 ([([   D:4 [


Innate Abilities, Weirdness & Mutations

Your natural rate of healing is accelerated.
You have razor-sharp teeth.
You have supernaturally acute eyesight. (SInv)
You are afflicted with vampirism and can become a bat while bloodless.


Message History

The steam dragon breathes steam at you. The ball of steam hits you!
The steam dragon bites you. The steam dragon closely misses you.
You hit the steam dragon but do no damage.
You bite the steam dragon, but do no damage.
The steam dragon is severely wounded.
The steam dragon misses you.
The steam dragon claws you but does no damage.
You hit the steam dragon.
The steam dragon is severely wounded.
The steam dragon closely misses you. x2
The steam dragon bites you but does no damage.
The steam dragon closely misses you.
You hit the steam dragon.
The steam dragon is almost dead.
You are engulfed in a cloud of scalding steam.
* * * LOW HITPOINT WARNING * * *
The steam dragon breathes steam at you. The ball of steam hits you!
* * * LOW HITPOINT WARNING * * *
You are confused.
You feel invigorated. The steam dragon closely misses you.
The steam dragon claws you.
* * * LOW HITPOINT WARNING * * *
The steam dragon attacks as it pursues you!
The steam dragon completely misses you.
The steam dragon claws you but does no damage.
The steam dragon breathes steam at you. The ball of steam misses you.
The kobold closely misses you.
You hit the steam dragon. You bite the steam dragon.
The steam dragon is almost dead.
You are engulfed in a cloud of scalding steam.
* * * LOW HITPOINT WARNING * * *
The steam dragon closely misses you. The steam dragon claws you.
* * * LOW HITPOINT WARNING * * *
The kobold is engulfed in a cloud of scalding steam.
The kobold dies!
The steam dragon breathes steam at you. The ball of steam hits you!!
You die...

~~~~... . #.## #w...# #..#
#~...# ##.# #....# #.# ###
###....###### #.# #.# #.#
#......# #.# ##.## #.# #r####.#
#.# #...####.####§## #.# #.#
#............D@# #.# #.#
#...##.......§§# #.# #.#
###.##.#.#####.# #.# #.#
#####.##.#.## #.# #.# #.#
...(........# #.# #.# #.#
.........#..####.###.#########.#
#####.####..........>)†.)))<...#
#.# #######.############### #.#
#.#


You could see a steam dragon (catching breath) and a river rat.

Vanquished Creatures
  Sigmund (D:5)
  A steam dragon (D:5)
  An acid dragon (D:5)
  A black bear (D:6)
  An ogre (D:4)
  A kobold brigand (D:6)
  A bullfrog (D:5)
  A scorpion (D:5)
  A howler monkey (D:5)
  A jelly (D:5)
  3 hounds (D:4)
  2 gnoll boudas (D:5)
  Ijyb (D:5)
  4 orc wizards (D:4)
  An iguana (D:5)
  A sleepcap (D:5)
  7 gnolls
  15 adders
  2 worms (D:2)
  2 dart slugs (D:2)
  10 orcs (D:4)
  4 bats
  10 endoplasms
  5 giant cockroaches
  9 goblins
  10 hobgoblins
  2 jackals (D:1)
  3 quokkas
  2 ball pythons
  4 frilled lizards
  18 kobolds
  4 rats
129 creatures vanquished.

Vanquished Creatures (others)
  A kobold (D:6)
1 creature vanquished.

Grand Total: 130 creatures vanquished

Notes
Turn   | Place    | Note
-------+----------+-------------------------------------------
     0 | D:1      | promet the Vampire Brigand began the quest for the Orb.
     0 | D:1      | Reached XP level 1. HP: 16/16 MP: 1/1
    34 | D:1      | Reached skill level 6 in Stealth
   202 | D:1      | Reached XP level 2. HP: 16/22 MP: 2/2
   634 | D:1      | Reached skill level 7 in Stealth
  1173 | D:2      | Gained mutation: You are afflicted with vampirism and can
                  | become a bat while bloodless. [Vampire growth]
  1173 | D:2      | Reached XP level 3. HP: 26/27 MP: 3/3
  1180 | D:2      | Learned a level 2 spell: Blink
  1180 | D:2      | Found Xeov's Weapon Emporium.
  1367 | D:2      | Found a faded altar of an unknown god.
  1516 | D:2      | Reached skill level 1 in Ranged Weapons
  1818 | D:2      | Found Fihig's Antique Weapon Emporium.
  1819 | D:2      | Found Vinushor's Armour Shop.
  1837 | D:2      | Reached XP level 4. HP: 33/33 MP: 4/4
  1950 | D:2      | Found Uporem's Antique Armour Shop.
  2420 | D:3      | Found a large runed translucent door.
  2423 | D:3      | Found a large runed translucent door.
  2423 | D:3      | Found a shimmering altar of Xom.
  4741 | D:4      | Reached XP level 5. HP: 23/39 MP: 5/5
  5032 | D:4      | Found Uzeu's Armour Shop.
  5107 | D:4      | Reached skill level 1 in Translocations
  5777 | D:4      | Reached XP level 6. HP: 24/32 MP: 6/6
  6506 | D:4      | Found a shimmering blue altar of Sif Muna.
  6721 | D:5      | Entered Level 5 of the Dungeon
  6985 | D:5      | Noticed Ijyb
  6992 | D:5      | Killed Ijyb
  6993 | D:5      | Reached skill level 1 in Axes
  6993 | D:5      | Reached XP level 7. HP: 36/52 MP: 7/7
  7029 | D:5      | Found a stormy altar of Qazlal.
  7618 | D:5      | Reached skill level 8 in Stealth
  8276 | D:5      | Found a staircase to the Ecumenical Temple.
  8481 | Temple   | Entered the Ecumenical Temple
  8490 | Temple   | Became a worshipper of Hepliaklqana the Forgotten
  8795 | D:5      | Noticed a steam dragon
  8829 | D:5      | Noticed a steam dragon
  8844 | D:5      | Killed a steam dragon
  9809 | D:5      | Reached XP level 8. HP: 29/60 MP: 8/8
 10025 | D:6      | Noticed Sigmund
 10037 | D:5      | Killed Sigmund
 10038 | D:5      | Reached skill level 1 in Polearms
 10617 | D:6      | Learned a level 2 spell: Poisonous Vapours
 10740 | D:6      | HP: 1/61 [steam dragon/ball of steam (17)]
 10744 | D:6      | Killed from afar by a steam dragon

Illustrated notes

Levels and vault maps discovered:
D:1:      nicolae_arrival_somewhat_less_tricky_arrival, layout_basic
D:2:      layout_loops_ring, serial_shops, nicolae_shop_tiny_glass,
          nicolae_shop_crystal, shop, nicolae_shop_hallway_plus,
          hellmonk_ecumenical_altar_slurped_away
D:3:      due_chaos_kobolds, layout_loops_corners, kennysheep_flooded_box,
          kennysheep_generic_room_8
D:4:      kennysheep_big_flooded_room, layout_gridville,
          kennysheep_orc_sif_temple, serial_shops, nicolae_shop_scrapyard,
          minmay_ruptured
D:5:      kennysheep_steamy, layout_basic, grunt_qazlal_sundering,
          minmay_temple_entry_sparse_star, uniq_ijyb
D:6:      layout_loops_ring, lightli_sewer_entry_pipes, uniq_sigmund
Temple:   eino_temple_rhombus

Skill      XL: |  1  2  3  4  5  6  7  8 |
---------------+-------------------------+-----
Stealth        | 6 7 8 |  8.0
Fighting       | 2 3 4 |  4.6
Ranged Weapons | 1 2 3 |  3.9
Translocations | 1 2 3 |  3.0
Throwing       | 2 |  2.2
Dodging        | 2 3 4 |  4.0
Axes           | 1 2 |  2.2
Polearms       | 1 |  1.7
Short Blades   | 3 |  3.1
Armour         | |  0.1
Poison Magic   | |  0.4

Action                     |  1- 3 |  4- 6 |  7- 9 || total
---------------------------+-------+-------+-------++-------
  Melee: Dagger            |    94 |    46 |       ||   140
         Bite              |     6 |    12 |    21 ||    39
         Punch             |     2 |       |       ||     2
         Rapier            |       |    28 |    20 ||    48
         Hand axe          |       |    61 |    34 ||    95
         Halberd           |       |       |    68 ||    68
   Fire: Sling             |    32 |    79 |    51 ||   162
  Throw: Dart              |     1 |    18 |    11 ||    30
         Boomerang         |       |     1 |     2 ||     3
Ability: Exsanguinate      |       |     3 |       ||     3
         Revivify          |       |     3 |       ||     3
  Evoke: Wand              |       |       |     2 ||     2
    Use: Scroll            |     1 |    10 |     3 ||    14
         Potion            |       |     1 |     3 ||     4
   Stab: Sleeping          |     7 |    10 |       ||    17
 Armour: Robe              |    37 |    81 |    39 ||   157
         Steam dragon scal |       |       |    61 ||    61
         Acid dragon scale |       |       |    52 ||    52
  Dodge: Dodged            |    55 |    90 |   151 ||   296

Table legend: (Time is in decaauts)
 A = Elapsed time spent in this place.
 B = Non-inter-level travel time spent in this place.
 C = Inter-level travel time spent in this place.
 D = Time resting spent in this place.
 E = Time spent auto-exploring this place.
 F = Levels seen in this place.
 G = Mean time per level.
                   A        B        C        D        E       F      G
               +--------+--------+--------+--------+--------+-----+--------+
         Total |  10838 |  10550 |    288 |   3672 |   2341 |   7 | 1548.3 |
       Dungeon |  10822 |  10534 |    288 |   3672 |   2341 |   6 | 1803.7 |
        Temple |     15 |     15 |      0 |      0 |      0 |   1 |   15.0 |
               +--------+--------+--------+--------+--------+-----+--------+

Top non-repeatable levels by time:
     D:5: 3273 daAuts
     D:4: 2427 daAuts
     D:3: 2291 daAuts
     D:2: 1246 daAuts
     D:1: 1131 daAuts
     D:6: 452 daAuts
  Temple: 15 daAuts
